 Dungeon Crawl Stone Soup version 0.30-b1-2-g02819fbbbe (webtiles) character file.

Game seed: 17176291922449336630

6640 raph the Summoner (level 11, -5/64 HPs)
             Began as a Tengu Summoner on Nov 11, 2023.
             Was a Believer of Sif Muna.
             Killed by divine providence
             ... invoked by a smoke demon
              (16 damage)
             ... on level 2 of the Abyss.
             The game lasted 00:21:01 (9890 turns).

raph the Summoner (Tengu Summoner)                  Turns: 9890, Time: 00:21:02

Health: -5/64      AC: 17    Str: 14    XL:     11   Next: 2%
Magic:  1/20       EV: 32    Int: 22    God:    Sif Muna [**....]
Gold:   49         SH:  0    Dex: 15    Spells: 5/21 levels left

rFire   . . .        a - +8 rapier (venom)
rCold   . . .        (no shield)
rNeg    . . .        p - +3 leather armour of Kikubaaqudgha's Hatred {rElec Regen+ Int+3}
rPois   .            y - +2 hat
rElec   +            q - +2 cloak
rCorr   .            o - +1 pair of gloves
SInv    +            (boots unavailable)
Will    .....        z - amulet of the acrobat
Stlth   +++          A - ring "Abraor" {Str+5 SInv}
HPRegen 1.10/turn    E - +4 ring of protection
MPRegen 0.17/turn

%: acrobat
@: acrobatic, flying quickly and evasively, quick
A: beak, talons 3, nimble flight
a: Renounce Religion, Channel Magic


You were on level 2 of the Abyss.
You worshipped Sif Muna.
Sif Muna was pleased with you.
You visited 2 branches of the dungeon, and saw 10 of its levels.
You visited the Abyss 1 time.
You also visited: Bailey.

You collected 481 gold pieces.
You spent 432 gold pieces at shops.

Inventory:

Hand Weapons
 a - a +8 rapier of venom (weapon)
 c - a +0 dagger
 k - the +6 mace of Juull {vamp, rPois rF- rC+++}
   (You found it on level 4 of the Dungeon)

   rF:        It makes you vulnerable to fire.
   rC:        It renders you almost immune to cold.
   rPois:     It protects you from poison.
 n - a +0 rapier
Missiles
 i - 24 poisoned darts
Armour
 o - a +1 pair of gloves (worn)
 p - the +3 leather armour of Kikubaaqudgha's Hatred (worn) {rElec Regen+ Int+3}
   (You found it on level 3 of the Dungeon)

   Int:       It affects your intelligence (+3).
   rElec:     It insulates you from electricity.
   Regen:     It increases your rate of health regeneration.
 q - a +2 cloak (worn)
 y - a +2 hat (worn)
Jewellery
 s - the ring of Satisfaction {Fire Str+4 Dex+2}
   (You found it on level 5 of the Dungeon)

   [ring of fire]

   It enhances your fire magic.
   Str:       It affects your strength (+4).
   Dex:       It affects your dexterity (+2).
   rF:        It protects you from fire.
   rC:        It makes you vulnerable to cold.
 z - an amulet of the acrobat (around neck)
 A - the ring "Abraor" (left hand) {Str+5 SInv}
   (You found it in a bailey)

   [ring of see invisible]

   Str:       It affects your strength (+5).
   SInv:      It lets you see invisible.
 C - a ring of ice
 D - a +6 ring of dexterity
 E - a +4 ring of protection (right hand)
 F - a +4 ring of protection
Wands
 f - a wand of roots (6)
 t - a wand of flame (14)
 v - a wand of paralysis (13)
 w - a wand of polymorph (8)
Scrolls
 d - 3 scrolls of identify
 h - 2 scrolls of poison
 m - 2 scrolls of fog
 G - a scroll of magic mapping
 H - a scroll of immolation
 I - a scroll of butterflies
Potions
 b - a potion of magic
 e - 2 potions of brilliance
 g - 3 potions of curing
 j - 3 potions of attraction
 l - a potion of might
 r - 4 potions of haste
 u - 4 potions of flight
 x - a potion of lignification
 B - a potion of invisibility


   Skills:
 + Level 5.2 Fighting
 + Level 5.8 Short Blades
 + Level 6.3 Dodging
 + Level 6.1 Stealth
 + Level 5.8 Spellcasting
 * Level 12.4 Summonings
 + Level 5.5 Air Magic
 + Level 1.6 Invocations


You had 5 spell levels left.
You knew the following spells:

 Your Spells              Type           Power      Damage    Failure   Level
a - Summon Small Mammal   Summ           100%       N/A       1%          1
b - Call Imp              Summ           100%       N/A       1%          2
c - Call Canine Familiar  Summ           57%        N/A       1%          3
d - Summon Guardian Gole  Hex/Summ       33%        N/A       2%          3
e - Summon Lightning Spi  Summ/Air       46%        N/A       3%          4
f - Vhi's Electric Charg  Tloc/Air       36%        N/A       11%         3

Your spell library contained the following spells:

 Spells                   Type           Power      Damage    Failure   Level
 Teleport Other           Tloc           6%         N/A       34%         3
 Arcjolt                  Conj/Air       9%         1d19      71%         5
 Flame Wave               Conj/Fire      6%         2d5       75%         4
 Maxwell's Capacitive Co  Air            15%        ∞         100%        8


Dungeon Overview and Level Annotations

Branches:
Dungeon (9/15)             Temple (1/1) D:5          Bailey (visited)
   Lair: D:8-11         Orc: D:9-12

Altars:
Ashenzari
Cheibriados
Dithmenos
Elyvilon
Fedhas
Gozag
Hepliaklqana
Kikubaaqudgha
Makhleb
Nemelex Xobeh
Okawaru
Qazlal
Ru
Sif Muna
Trog
Uskayaw
Vehumet
Wu Jian
Xom
Yredelemnul
Zin
The Shining One

Shops:
D:6 ==

Annotations:
D:7 2 transporters, cerebuk897's ghost, novice AtFi
D:9 1 runed translucent door, Erolcha; NitroKuite's ghost, novice SpHu


Innate Abilities, Weirdness & Mutations

You have a beak for a mouth.
You have claws for feet.
Your magical nature lets you fly swiftly and evasively.


Message History

The smoke demon is lightly wounded.
The smoke demon closely misses you. x2
The smoke demon hits you but does no damage.
You puncture the smoke demon!
The smoke demon is poisoned.
You claw the smoke demon.
The smoke demon is heavily wounded.
The smoke demon barely misses you.
The smoke demon hits you but does no damage.
The smoke demon closely misses you.
You hit the smoke demon. Your kick misses the smoke demon.
You peck the smoke demon, but do no damage.
The smoke demon is severely wounded.
The smoke demon gestures at you. The ball of steam hits you!
You hit the smoke demon but do no damage.
The smoke demon is severely wounded.
You are engulfed in a cloud of scalding steam.
The smoke demon hits you but does no damage.
The smoke demon misses you. The smoke demon completely misses you.
Casting: Summon Small Mammal (safe; 1% risk of failure)
Confirm with . or Enter, or press ? or * to list all spells.
Charge where?
Press: ? - help, Dir - move target, f - raiju
Aim: a raiju (heavily wounded, 75% to hit)
You charge forward with an electric crackle!
You hit the raiju.
The raiju is poisoned.
You claw the raiju. You peck the raiju.
The raiju is almost dead.
The smoke demon gestures at you. The sticky flame misses you.
The sticky flame hits the raiju!
The raiju dies!
The blizzard demon completely misses you.
The blizzard demon barely misses you.
The starcursed mass shrieks in your mind.
The smoke demon gestures at you. Something smites you!
* * * LOW HITPOINT WARNING * * *
The smoke demon gestures at you. Something smites you!
You die...

#.. #..# . .. ..
## # .#..#..#.
..# #... #..
#..#.. #.. .
...##.. #.. .
..#.. . #.#..#
..§.5# ###.#.
....X.##. #
..#.# ###
##.#...## ..#.
.. .
....#...##.#####
. ##.#@...### ..
#2##...#..# #..
#§# ....... #
#3###.#...##
#9§# x.##...
#### #.#.## . ##


You could see a starcursed mass, a blizzard demon, a smoke demon (very poisoned,
ally target) and a friendly guardian golem (summoned).

Vanquished Creatures
  A wyvern (D:9)
  An acid dragon (D:9)
  2 water moccasins
  A black bear (D:5)
  4 orc warriors
  An ogre (D:6)
  2 bullfrogs
  3 scorpions
  4 killer bees
  2 jellies
  2 crimson imps (D:8)
  5 hounds
  3 orc priests
  Jessica (D:2)
  2 iguanas
  Terence (D:2)
  5 orc wizards
  6 adders
  A worm (D:2)
  2 dart slugs
  11 orcs
  5 ball pythons
  4 bats
  5 endoplasms
  A giant cockroach (D:2)
  3 goblins
  2 hobgoblins
  A quokka (D:5)
  A rat (D:1)
82 creatures vanquished.

Vanquished Creatures (collateral kills)
  Pikel (D:8)
  An orc knight (Bailey)
  A cyclops (D:7)
  A wraith (D:5)
  A steam dragon (D:6)
  A water moccasin (D:8)
  2 orc warriors
  2 black bears (D:6)
  2 ogres
  A lemure (D:8)
  A centaur (D:6)
  A kobold brigand (D:8)
  A phantom (D:5)
  2 bullfrogs (D:6)
  2 scorpions
  2 killer bees (D:6)
  A howler monkey (D:5)
  7 crimson imps (D:8)
  4 hounds
  A quasit (Abyss:2)
  Crazy Yiuf (D:7)
  3 orc priests
  2 iguanas (D:5)
  2 orc wizards
  A sleepcap (D:6)
  Robin (D:3)
  3 adders
  5 gnolls (D:8)
  A white imp (D:6)
  A worm (D:4)
  2 dart slugs
  24 orcs
  4 endoplasms
  2 giant cockroaches
  13 goblins
  6 hobgoblins
  A jackal (D:5)
  A quokka (D:5)
  5 ball pythons
  2 bats (D:2)
  A frilled lizard (D:3)
  8 kobolds
  A rat (D:2)
125 creatures vanquished.

Vanquished Creatures (others)
  An orc knight (Bailey)
  A raiju (Abyss:2)
  An orc warrior (Bailey)
  A black bear (D:5)
  A gnoll sergeant (D:8)
  2 killer bees (D:6)
  An orc (D:5)
  2 plants (D:9)
10 creatures vanquished.

Grand Total: 217 creatures vanquished

Notes
Turn   | Place    | Note
-------+----------+-------------------------------------------
     0 | D:1      | raph the Tengu Summoner began the quest for the Orb.
     0 | D:1      | Reached XP level 1. HP: 10/10 MP: 4/4
    18 | D:1      | Reached skill level 5 in Summonings
    99 | D:1      | Got the Parchment of Translocated Causimancy
   180 | D:1      | Reached XP level 2. HP: 15/15 MP: 3/6
   241 | D:1      | Learned a level 2 spell: Call Imp
   763 | D:2      | Reached skill level 6 in Summonings
   763 | D:2      | Reached XP level 3. HP: 19/19 MP: 3/7
   767 | D:2      | Learned a level 3 spell: Call Canine Familiar
   969 | D:2      | Noticed Jessica
   986 | D:2      | Killed Jessica
   987 | D:2      | Reached XP level 4. HP: 24/24 MP: 3/8
  1146 | D:2      | Noticed Terence
  1147 | D:2      | Found a faded altar of an unknown god.
  1155 | D:2      | Killed Terence
  1156 | D:2      | Reached skill level 7 in Summonings
  1499 | D:3      | Gained mutation: Your magical nature lets you fly swiftly
                  | and evasively. [Tengu growth]
  1499 | D:3      | Reached XP level 5. HP: 28/28 MP: 9/9
  1721 | D:3      | Identified the +3 leather armour of Kikubaaqudgha's Hatred
                  | {rElec Regen+ Int+3}
  1810 | D:3      | Learned a level 3 spell: Summon Guardian Golem
  1830 | D:3      | Noticed Robin
  2264 | D:3      | Killed Robin
  2436 | D:4      | Reached skill level 8 in Summonings
  2436 | D:4      | Reached XP level 6. HP: 32/32 MP: 6/11
  3033 | D:4      | Identified the +6 mace of Juull {vamp, rPois rF- rC+++}
  3167 | D:5      | Entered Level 5 of the Dungeon
  3167 | D:5      | Noticed a black bear
  3173 | D:5      | Noticed a water moccasin
  3192 | D:5      | Killed a black bear
  3193 | D:5      | Reached XP level 7. HP: 37/37 MP: 1/13
  3211 | D:5      | Reached skill level 1 in Short Blades
  3415 | D:4      | Reached skill level 1 in Fighting
  3445 | D:5      | Reached skill level 9 in Summonings
  3534 | D:5      | Reached XP level 8. HP: 44/44 MP: 9/14
  3573 | D:5      | Found a staircase to the Ecumenical Temple.
  3580 | Temple   | Entered the Ecumenical Temple
  3848 | Temple   | Became a worshipper of Sif Muna the Loreminder
  3956 | D:5      | Identified the ring of Satisfaction {Fire Str+4 Dex+2}
  4016 | D:5      | Noticed a wraith
  4042 | D:5      | Killed a wraith
  4409 | D:5      | Found a large runed translucent door.
  4449 | D:5      | Found a large runed translucent door.
  4580 | D:5      | Reached skill level 10 in Summonings
  4593 | D:5      | Learned a level 4 spell: Summon Lightning Spire
  4595 | D:5      | Found a glowing silver altar of Zin.
  4615 | D:5      | Found a hazy altar of Hepliaklqana.
  4789 | D:6      | Reached skill level 1 in Air Magic
  4789 | D:6      | Reached XP level 9. HP: 50/50 MP: 7/16
  4998 | D:6      | Found Jagokel's Jewellery Emporium.
  5385 | D:6      | Reached * piety under Sif Muna
  5400 | D:6      | Found Caaganox's Jewellery Boutique.
  5878 | D:7      | Noticed a cyclops
  5888 | D:7      | Killed a cyclops
  5889 | D:7      | Reached skill level 5 in Dodging
  5889 | D:7      | Reached skill level 5 in Spellcasting
  5889 | D:7      | Reached skill level 11 in Summonings
  5940 | D:7      | Found a transporter.
  5968 | D:7      | Found a hide-covered altar of Uskayaw.
  5976 | D:7      | Reached skill level 5 in Stealth
  6224 | D:7      | Noticed cerebuk897's ghost (novice AtFi)
  6239 | D:7      | Found a transporter.
  6304 | D:7      | Found a flagged portal.
  6315 | Bailey   | Entered a bailey
  6349 | Bailey   | Reached XP level 10. HP: 57/57 MP: 6/18
  6732 | Bailey   | Noticed an orc knight
  6732 | Bailey   | Noticed an orc knight
  6740 | Bailey   | Killed an orc knight
  6741 | Bailey   | Reached skill level 5 in Short Blades
  6743 | Bailey   | Killed an orc knight
  6823 | Bailey   | Identified the ring "Abraor" {Str+5 SInv}
  7190 | D:7      | Reached ** piety under Sif Muna
  7584 | D:7      | Found a runed translucent door.
  7585 | D:7      | Noticed Crazy Yiuf
  7593 | D:7      | Killed Crazy Yiuf
  7829 | D:8      | Reached skill level 5 in Air Magic
  7931 | D:8      | Reached skill level 12 in Summonings
  7965 | D:8      | Noticed Pikel
  7979 | D:8      | Killed Pikel
  7980 | D:8      | Reached skill level 5 in Fighting
  7980 | D:8      | Reached skill level 1 in Invocations
  8818 | D:8      | Learned a level 3 spell: Vhi's Electric Charge
  9107 | D:6      | Bought a +4 ring of protection for 432 gold pieces
  9281 | D:9      | Found a runed translucent door.
  9281 | D:9      | Noticed NitroKuite's ghost (novice SpHu)
  9611 | D:9      | Reached XP level 11. HP: 64/64 MP: 20/20
  9729 | D:9      | Noticed Erolcha
  9731 | Abyss:2  | Cast into level 2 of the Abyss (Erolcha)
  9743 | Abyss:2  | Found a corrupted altar of Lugonu.
  9764 | Abyss:2  | Noticed a starcursed mass
  9842 | Abyss:2  | Noticed a blizzard demon
  9867 | Abyss:2  | Noticed a blizzard demon
  9890 | Abyss:2  | Killed from afar by a smoke demon

Illustrated notes

Levels and vault maps discovered:
D:1:      minmay_arrival_four_circles, layout_basic
D:2:      layout_rooms, shapermc_ecumenical_altar_pompeii,
          chequers_serial_rivers_micro_b, uniq_jessica, uniq_terence
D:3:      layout_rooms, uniq_robin
D:4:      layout_gridville, minmay_fractal_squares_gapless_5
D:5:      layout_loops_ring, jmf_multi_god_temple2, temple_green, st_stairs_2,
          reono_crystal_passage
D:6:      layout_rooms, serial_shops, shop, shop, kennysheep_diamond
D:7:      layout_layer_cave, eat_drink_and_be_merry_uskayaw,
          gammafunk_ghost_abyssal_escape, enter_bailey_2,
          uniq_crazy_yiuf_cottage
D:8:      layout_basic, dreamdust_wishing_well, minmay_nine_imps, uniq_pikel
D:9:      layout_loops_corners, hellmonk_ghost_big_iron, uniq_erolcha
Temple:   compressed_dpeg_triangle_lava_temple
Abyss:2:  base: D:1, grunt_abyss_exit_deep_breaths

Skill      XL: |  1  2  3  4  5  6  7  8  9 10 |
---------------+-------------------------------+-----
Summonings     | 5 6 7 8 9 10 11 12 | 12.4
Spellcasting   | 3 4 5 |  5.8
Short Blades   | 2 3 4 5 |  5.8
Fighting       | 1 3 4 5 |  5.2
Dodging        | 3 4 5 6 |  6.3
Stealth        | 3 4 5 6 |  6.1
Air Magic      | 1 3 5 |  5.5
Invocations    | 1 |  1.6

Action                     |  1- 3 |  4- 6 |  7- 9 | 10-12 || total
---------------------------+-------+-------+-------+-------++-------
  Melee: Dagger            |    23 |       |       |       ||    23
         Kick              |     6 |     6 |    20 |    13 ||    45
         Peck              |     4 |     7 |    15 |    13 ||    39
         Punch             |     1 |       |     2 |       ||     3
         Rapier            |     1 |    48 |    93 |    57 ||   199
   Cast: Summon Small Mamm |    23 |    22 |    23 |    10 ||    78
         Call Imp          |     8 |    10 |    18 |    18 ||    54
         Call Canine Famil |       |    11 |    13 |    13 ||    37
         Summon Guardian G |       |     1 |    15 |    15 ||    31
         Summon Lightning  |       |       |     2 |     7 ||     9
         Vhi's Electric Ch |       |       |       |     1 ||     1
  Evoke: Wand              |       |       |       |     2 ||     2
    Use: Scroll            |       |    17 |     6 |     5 ||    28
   Stab: Sleeping          |     4 |     2 |     2 |     5 ||    13
         Distracted        |       |       |     1 |       ||     1
 Armour: Robe              |     6 |     5 |       |       ||    11
         Leather armour    |       |    11 |    41 |    26 ||    78
  Dodge: Dodged            |    21 |    56 |    92 |   110 ||   279
